 Dungeon Crawl Stone Soup version 0.30-a0-618-gd6c86c23d0 (webtiles) character file.

Game seed: 10476010028102427080

81 porpoise the Chopper (level 4, -3/23 HPs)
             Began as a Vine Stalker Reaver on Jan 10, 2023.
             Killed by nerve-wracking pain
             ... invoked by an orc priest
              (11 damage)
             ... on level 3 of the Dungeon.
             The game lasted 00:09:00 (2457 turns).

porpoise the Chopper (Vine Stalker Reaver)          Turns: 2457, Time: 00:09:00

Health: -3/23      AC:  7    Str: 20    XL:     4   Next: 40%
Magic:  0/8        EV: 11    Int: 13    God:
Gold:   216        SH:  0    Dex: 15    Spells: 6/7 levels left

rFire   . . .      SeeInvis .    a - +4 whip
rCold   . . .      Faith    .    (no shield)
rNeg    . . .      Spirit   +    l - +0 ring mail
rPois   .          Reflect  .    e - +0 helmet
rElec   .          Harm     .    x - +0 cloak
rCorr   .          Rampage  .    (no gloves)
Will    .....                    (no boots)
Stlth   +                        u - amulet of regeneration
HPRegen 1.83/turn                h - +6 ring of strength
MPRegen 0.11/turn                (no ring)

@: no status effects
A: fangs 2, regeneration 1, magic shield, antimagic bite, no potion heal 2
a: no special abilities


You were on level 3 of the Dungeon.
You visited 1 branch of the dungeon, and saw 4 of its levels.

You collected 216 gold pieces.

Inventory:

Hand Weapons
 a - a +4 whip (weapon)
 b - a +0 sling
 n - a +0 hand axe
 p - a +2 dagger of draining
Missiles
 g - 2 boomerangs
 t - a throwing net
Armour
 e - a +0 helmet (worn)
 l - a +0 ring mail (worn)
 x - a +0 cloak (worn)
Jewellery
 h - a +6 ring of strength (left hand)
 u - an amulet of regeneration (around neck)
Wands
 v - a wand of polymorph (9)
Scrolls
 c - a scroll of vulnerability {unknown}
 f - a scroll of blinking {unknown}
 i - a scroll of enchant armour {unknown}
 k - 2 scrolls of immolation
 m - a scroll of enchant weapon
 q - 2 scrolls of poison
 s - a scroll of fog {unknown}
Potions
 d - a potion of berserk rage {unknown}
 j - 2 potions of cancellation
 o - a potion of curing
 r - a potion of resistance
 w - a potion of brilliance


   Skills:
 + Level 2.7 Fighting
 * Level 4.1 Axes
 - Level 1.5 Dodging
 - Level 2.1 Spellcasting
 - Level 3.0 Conjurations


You had 6 spell levels left.
You knew the following spells:

 Your Spells              Type           Power      Damage    Failure   Level
a - Kiss of Death         Conj/Necr      20%        2d7       24%         1

Your spell library contained the following spells:

 Spells                   Type           Power      Damage    Failure   Level
 Momentum Strike          Conj/Tloc      10%        3d8       34%         2
 Sandblast                Erth           2%         2d4       41%         1
 Passwall                 Tmut/Erth      0%         N/A       54%         2
 Hailstorm                Conj/Ice       5%         3d4       56%         3
 Stone Arrow              Conj/Erth      10%        3d7       56%         3


Dungeon Overview and Level Annotations

Branches:
Dungeon (4/15)
 Temple: D:4-7

Altars:
Sif Muna


Innate Abilities, Weirdness & Mutations

You have extremely sharp teeth.
Your natural rate of healing is unusually fast.
When hurt, damage is shared between your health and your magic reserves.
Your bite disrupts and absorbs the magic of your enemies.
Potions cannot restore your health.


Message History

You barely miss the rat. You bite the rat.
You kill the rat!
Found a stone staircase leading up. 2 orc priests and 2 orcs come into view.
The orc priest shouts! x2
The orc priest miscasts a cantrip.
You barely miss the orc. Your bite misses the orc.
The orc hits you with a +0 hand axe.
You whack the orc!
You kill the orc!
You completely miss the orc priest.
You bite the orc priest, but do no damage.
The orc closely misses you. The orc priest hits you with a +0 mace.
You barely miss the orc priest.
The orc priest calls down the wrath of Beogh upon you.
Beogh smites you! The orc hits you with a +0 whip.
The orc priest hits you but does no damage.
You hit the orc priest. You bite the orc priest. You drain its power.
You feel invigorated.
The orc priest is moderately wounded.
The orc barely misses you. The orc priest closely misses you.
The orc priest misses you.
You barely miss the orc priest. You bite the orc priest! You drain its power.
You feel invigorated.
The orc priest is severely wounded.
The orc barely misses you.
The orc priest hits you but does no damage.
The orc priest hits you with a +0 mace.
You hit the orc priest but do no damage.
Your bite misses the orc priest.
The orc priest is severely wounded.
The orc closely misses you.
The orc priest hits you but does no damage. x2
You hit the orc priest.
The orc priest is almost dead.
The orc priest invokes the aid of Beogh against you.
Beogh smites you! The orc closely misses you.
The orc priest invokes the aid of Beogh against you.
Pain shoots through your body!
You die...

#..)......#
#.....###....
##.#########
#.....+....#.
#..#
#.....####.#.
#'### ###
#.....# #.#.
.)..# #<#
#.....# #.#.
._..# #.#
#.....# #.##
....#
#######.#
##'#### #..'
#####
#.....oo##
#.# #### :::#
......o@.#
#.# # ####
#.######.#
#.# #.# #.#
#.# #.# #.#
#.#
###.####.###
#.†........#
#.#.####.#.#
#.#..).#.#.#


You could see 2 orc priests and an orc.

Vanquished Creatures
  An adder (D:3)
  3 worms
  2 dart slugs
  2 orcs
  7 ball pythons
  6 endoplasms
  3 giant cockroaches
  3 goblins
  6 hobgoblins
  4 quokkas
  5 bats
  A frilled lizard (D:3)
  6 kobolds
  4 rats
53 creatures vanquished.

Notes
Turn   | Place    | Note
-------+----------+-------------------------------------------
     0 | D:1      | porpoise the Vine Stalker Reaver began the quest for the
                  | Orb.
     0 | D:1      | Reached XP level 1. HP: 11/11 MP: 4/4
   253 | D:1      | Reached skill level 3 in Axes
   329 | D:1      | Reached XP level 2. HP: 15/15 MP: 6/6
   425 | D:1      | Found a faded altar of an unknown god.
  1002 | D:2      | Reached XP level 3. HP: 15/18 MP: 7/7
  1137 | D:2      | You fall into a shaft and drop 2 floors!
  1976 | D:3      | Found a shimmering blue altar of Sif Muna.
  1982 | D:3      | Gained mutation: Your natural rate of healing is unusually
                  | fast. [Vine Stalker growth]
  1982 | D:3      | Reached XP level 4. HP: 23/23 MP: 8/8
  2130 | D:3      | Reached skill level 4 in Axes
  2457 | D:3      | Killed from afar by an orc priest

Illustrated notes

Levels and vault maps discovered:
D:1:      dpeg_arrival_signposts, layout_basic,
          hellmonk_ecumenical_altar_blasted
D:2:      wander_river, layout_basic
D:3:      layout_basic, overflow_temple_1_default,
          nicolae_sif_muna_little_library, hex_intersection
D:4:      layout_loops_ring, gammafunk_ghost_smash, lightli_corner_chamber

Skill      XL: |  1  2  3  4 |
---------------+-------------+-----
Fighting       | 2 |  2.7
Axes           | 3 4 |  4.1
Dodging        | |  1.5
Spellcasting   | |  2.1
Conjurations   | |  3.0

Action                   |  1- 3 |  4- 6 || total
-------------------------+-------+-------++-------
Melee: Hand axe          |    22 |       ||    22
       Bite              |    23 |     9 ||    32
       Whip              |    70 |    29 ||    99
 Fire: Sling             |     5 |     1 ||     6
  Use: Scroll            |     5 |     2 ||     7
 Stab: Sleeping          |     1 |       ||     1
Armor: Leather armour    |    13 |       ||    13
       Ring mail         |    12 |    12 ||    24
Dodge: Dodged            |    38 |    16 ||    54

Table legend: (Time is in decaauts)
 A = Elapsed time spent in this place.
 B = Non-inter-level travel time spent in this place.
 C = Inter-level travel time spent in this place.
 D = Time resting spent in this place.
 E = Time spent auto-exploring this place.
 F = Levels seen in this place.
 G = Mean time per level.
                   A        B        C        D        E       F      G
               +--------+--------+--------+--------+--------+-----+--------+
         Total |   2462 |   2412 |     50 |    174 |   1763 |   4 |  615.5 |
       Dungeon |   2462 |   2412 |     50 |    174 |   1763 |   4 |  615.5 |
               +--------+--------+--------+--------+--------+-----+--------+

Top non-repeatable levels by time:
     D:2: 825 daAuts
     D:1: 787 daAuts
     D:3: 754 daAuts
     D:4: 94 daAuts
